[Event "*** Titled Tuesday Blitz"]
[Site "Chess.com"]
[Date "2019.10.01"]
[Round "5"]
[White "Taron_Shagbazyan"]
[Black "Alex_Terzi"]
[Result "0-1"]
[WhiteElo "2758"]
[BlackElo "2628"]
[TimeControl "180+2"]
[EndTime "14:12:21 PDT"]
[Termination "Alex_Terzi won by resignation"]

1. d4 Nf6 2. c4 c5 3. d5 b5 4. cxb5 a6 5. b6 g6 6. Nc3 d6 7.
Qb3 Bb7 8. a4 Bg7 9. a5 O-O 10.
e4 e6 11. Bc4 exd5 12. exd5 Nbd7 13. Bf4 Re8+ 14. Nge2 Ne5 15. Bxe5 Rxe5 16. O-O-O Ng4 17. Rdf1 Qh4 18. g3 Qh6+ 19. Kb1 Rae8 20. h3 Nf6 21. Qd1 Nxd5 22. f4 Nxc3+ 23. Nxc3 Re3 24. Qxd6 Bxh1 25. Rxh1 Bxc3 26. bxc3 Rxc3 27. Qd7 Rf8 28.
Rc1 Qg7 29. Qd2 Rxc1+ 30. Qxc1 Qd4 31. Qc2 Re8 32. Ka2 Re1 33. Kb3 Qa1 34. Bd5 Rb1+ 35. Kc4 Rc1 36. Be4 Rxc2+ 37. Bxc2 Qxa5 38. b7 Qb4+ 39. Kd5 Qxb7+ 40. Kxc5 Qc7+ 41. Kd4 Qxc2 0-1

[Event "*** Titled Tuesday Blitz"]
[Site "Chess.com"]
[Date "2019.10.01"]
[Round "5"]
[White "Hikaru"]
[Black "alishersuleymenov"]
[Result "1/2-1/2"]
[WhiteElo "3152"]
[BlackElo "2712"]
[TimeControl "180+2"]
[EndTime "14:12:26 PDT"]
[Termination "Game drawn by stalemate"]

1. e4 c5 2. Nc3 e6 3. f4 d5 4.
exd5 exd5 5. Bb5+ Nc6 6. Nf3 Nf6 7. Ne5 Bd7 8. Bxc6 Bxc6 9. d4 Be7 10. Be3 cxd4 11.
Bxd4 O-O 12. O-O Nd7 13. Nxd7 Qxd7 14. f5 f6 15. Qf3 Bd6 16. a3 Rfe8 17. Rad1 Qf7 18.
Qg4 a6 19. Rfe1 Rxe1+ 20. Rxe1 Re8 21. Re2 Be5 22. Rd2 Bxd4+ 23. Qxd4 Qh5 24. Qf4 Re1+ 25.
Kf2 Re5 26. g4 Qh4+ 27. Qg3 Qg5 28. Rd1 h5 29. h4 Qxg4 30. Qxg4 hxg4 31. Kg3 Rxf5 32.
Rd2 Kf7 33. Kxg4 Re5 34. Ne2 Re4+ 35. Kg3 Ke6 36. Nd4+ Ke5 37. Nf3+ Kd6 38. c3 Bd7 39. Rh2 Bg4 40. Nd2 Re2 41. Rxe2 Bxe2 42. Kf4 Bd1 43. Nf1 g6 44. Ne3 Be2 45. Nc2 Kc5 46. Nd4 Bh5 47. b3 a5 48. Ke3 Bg4 49. Kf4 Bd1 50. a4 Bh5 51. Ke3 Kd6 52. Kf4 b6 53. Nb5+ Kd7 54. Nd4 Bd1 55. Ke3 Ke7 56. Kd2 Bh5 57. Ke3 Kd7 58. Kf4 Bd1 59. Ke3 g5 60. hxg5 fxg5 61. Kd2 Bh5 62. b4 Be8 63. bxa5 bxa5 64. Nf3 g4 65. Ne5+ Kd6 66. Nxg4 Bxa4 67. Ne3 Kc5 68. Nxd5 Kxd5 69. Kc1 Kc4 70. Kb2 Bb3 71. Ka1 Kxc3 72. Kb1 a4 73. Ka1 a3 74. Kb1 a2+ 75. Ka1 Bc4 1/2-1/2

[Event "*** Titled Tuesday Blitz"]
[Site "Chess.com"]
[Date "2019.10.01"]
[Round "5"]
[White "kosya4ok"]
[Black "Vuk2000"]
[Result "0-1"]
[WhiteElo "2609"]
[BlackElo "2804"]
[TimeControl "180+2"]
[EndTime "14:12:26 PDT"]
[Termination "Vuk2000 won by resignation"]

1. e4 e6 2. d4 d5 3. Nc3 Bb4 4. e5 c5 5. a3 Bxc3+ 6. bxc3 Ne7 7. h4 Qc7 8. Bd2 b6 9. h5 h6 10. Nf3 Ba6 11. Bxa6 Nxa6 12. Nh4 O-O-O 13. Qg4 Rhg8 14. a4 Nc6 15. O-O Na5 16. f4 Nc4 17. Bc1 Qd7 18. f5 cxd4 19. cxd4 Nb4 20. Rf2 Kb7 21. fxe6 fxe6 22.
Ng6 Rge8 23. a5 bxa5 24. c3 Nd3 25. Rf3 Nxc1 26. Rxc1 a4 27. Rcf1 Ka8 28. Nf8 Qc6 29. Qxg7 Nd2 30. Rf7 Nxf1 31. Rxa7+ Kb8 32. Ng6 Ne3 33. Ne7 Rxe7 34. Qxe7 Nf5 35. Rb7+ Kc8 36.
Rb8+ Kxb8 37. Qxd8+ Kb7 38. Qa5 Ng3 39. Qb4+ Ka6 40.
Kh2 Ne4 41. g4 Qxc3 42. Qxa4+ Kb6 43. Qa2 Qg3+ 0-1

[Event "*** Titled Tuesday Blitz"]
[Site "Chess.com"]
[Date "2019.10.01"]
[Round "5"]
[White "KL31"]
[Black "RitvarsReimanis"]
[Result "0-1"]
[WhiteElo "2412"]
[BlackElo "2585"]
[TimeControl "180+2"]
[EndTime "14:12:28 PDT"]
[Termination "RitvarsReimanis won on time"]

1. d4 Nf6 2. Nf3 e6 3. Bf4 d5 4. e3 Bd6 5. Bg3 c5 6. c3 Qc7 7. Nbd2 Nc6 8. dxc5 Bxg3 9. hxg3 e5 10. Bb5 O-O 11. Qc2 e4 12. Nd4 Ne5 13. b4 Bd7 14.
Be2 b6 15. N2b3 Rfc8 16. a4 a5 17. cxb6 Qxb6 18. Nxa5 Bg4 19. Bb5 Bh5 20. Nab3 Nd3+ 21. Bxd3 exd3 22. Qxd3 Bg6 23. Qb5 Qd6 24. Nc5 Ne4 25.
Nxe4 Bxe4 26. O-O Rxc3 27. a5 Bd3 28. Qb6 Qxb6 29. axb6 Rb8 30. b7 Rc7 31. Rfd1 Bc4 32. Ra7 Rcxb7 33. Rxb7 Rxb7 34. Rb1 Kf8 35. Rb2 Ke7 36. f3 g6 37. Kf2 Kd6 38. Ke1 f5 39.
Kd2 Ra7 40. b5 Rb7 41. b6 Kc5 42. Kc3 Rxb6 43. Rxb6 Kxb6 44. g4 fxg4 45. fxg4 Kc5 46. g5 Kd6 47. Nf3 Bf1 48. g3 Bg2 0-1

[Event "*** Titled Tuesday Blitz"]
[Site "Chess.com"]
[Date "2019.10.01"]
[Round "5"]
[White "Mr_Sinigami"]
[Black "Qvalda"]
[Result "1-0"]
[WhiteElo "2394"]
[BlackElo "2517"]
[TimeControl "180+2"]
[EndTime "14:12:28 PDT"]
[Termination "Mr_Sinigami won on time"]

1. d4 d5 2. Bf4 Nf6 3. Nf3 c5 4.
e3 Nc6 5. c3 Qb6 6. Qb3 c4 7.
Qc2 Bf5 8. Qc1 e6 9. h3 Be7 10. Be2 O-O 11. O-O Rfc8 12. Bd1 Qd8 13. Bc2 b5 14. Nbd2 b4 15. Re1 bxc3 16. bxc3 Qa5 17. e4 Ba3 18. Qd1 dxe4 19. Nxc4 Qxc3 20.
Nxa3 Qxa3 21. Nh4 Rd8 22. Nxf5 exf5 23. Be3 Qd6 24. Ba4 Nxd4 25. Rc1 h6 26. Rc4 Ne6 27.
Qc1 f4 28. Rd1 Qe5 29. Rxd8+ Rxd8 30. Bxa7 f3 31. Be3 fxg2 32. Kxg2 Qf5 33. Bd1 Ng5 34. Bxg5 hxg5 35. Be2 Nd5 36. Bg4 Nf4+ 37. Kf1 Qb5 38.
Kg1 f5 39. Rc8 Qd7 40. Rc7 1-0

[Event "*** Titled Tuesday Blitz"]
[Site "Chess.com"]
[Date "2019.10.01"]
[Round "5"]
[White "AliKa2810"]
[Black "Durarbayli"]
[Result "0-1"]
[WhiteElo "2601"]
[BlackElo "2796"]
[TimeControl "180+2"]
[EndTime "14:12:35 PDT"]
[Termination "Durarbayli won on time"]

1. d4 Nf6 2. Bg5 Ne4 3. Bf4 d5 4. e3 c5 5. Bd3 Nc6 6. Bxe4 dxe4 7. d5 Nb4 8. Nc3 e6 9. d6 g5 10. Bg3 Bg7 11. Nge2 f5 12. h4 h6 13. Nb5 O-O 14. hxg5 hxg5 15. Nec3 g4 16. a3 Nc6 17. Nc7 Rb8 18.
Qe2 b5 19. N7xb5 Bd7 20. Qc4 Qb6 21. Rb1 Na5 22. Qa2 a6 23. Nc7 Bxc3+ 24. Kf1 c4 25. Ke2 Bg7 26. Rh5 e5 27. Rg5 Qxd6 28. Rd1 Qxc7 29.
Rxd7 Qxd7 30. Bxe5 Rf7 31. Bxb8 Qd8 32. Bf4 Rd7 33.
Qb1 Rd2+ 34. Ke1 Qd5 35. Qc1 c3 36. bxc3 Nc4 37. Rg6 Kh7 38. Rxa6 Bxc3 39. Ra7+ Kg6 40. Ra6+ Kh7 41. Ra7+ Kg8 0-1

[Event "*** Titled Tuesday Blitz"]
[Site "Chess.com"]
[Date "2019.10.01"]
[Round "5"]
[White "swayamsm"]
[Black "WorldChampionBulletChess"]
[Result "1-0"]
[WhiteElo "2442"]
[BlackElo "2087"]
[TimeControl "180+2"]
[EndTime "14:12:40 PDT"]
[Termination "swayamsm won on time"]

1. e4 c5 2. Nf3 e6 3. b3 Nc6 4. Bb2 d5 5. exd5 exd5 6. Bb5 Nf6 7. O-O Be7 8. d4 O-O 9. dxc5 Bxc5 10. Nc3 a6 11.
Bd3 d4 12. Na4 b6 13. Re1 Bg4 14. h3 Bh5 15. Nxc5 bxc5 16. g4 Nxg4 17. hxg4 Bxg4 18.
Re4 Bh5 19. Qe2 Bg6 20. Re1 Qd5 21. Rg4 Bh5 22. Rg3 Qd7 23. Qe4 Bg6 24. Qh4 Rae8 25.
Rxe8 Rxe8 26. Bxg6 fxg6 27. Kh2 Ne7 28. Ng5 h6 29.
Qh3 Qc7 30. Ne6 Qd6 31. Kg1 Nf5 32. Rxg6 Rxe6 33. Rxe6 Qxe6 34. Qd3 Qe1+ 35. Kg2 Nh4+ 36. Kg3 Qh1 37. c3 g5 38. Kg4 Qg2+ 39. Kh5 Qc6 40. cxd4 Qe8+ 41. Kg4 Qe6+ 42. Kg3 Nf5+ 43. Kh2 Qd6+ 44.
Kg1 cxd4 45. Qxf5 d3 46. Qc8+ Kf7 47. Qf5+ Ke7 48. Be5 Qc6 49. Qxd3 Qc1+ 50. Kh2 Qe1 51. Qd6+ Ke8 52. Qe6+ Kf8 53. Bd6+ Kg7 54. Qxe1 1-0

[Event "*** Titled Tuesday Blitz"]
[Site "Chess.com"]
[Date "2019.10.01"]
[Round "5"]
[White "VincentKeymer"]
[Black "KhalilMousavi77"]
[Result "1-0"]
[WhiteElo "2750"]
[BlackElo "2789"]
[TimeControl "180+2"]
[EndTime "14:12:41 PDT"]
[Termination "VincentKeymer won by resignation"]

1. Nf3 Nf6 2. c4 g6 3. d4 Bg7 4. g3 O-O 5. Bg2 d6 6. O-O Nbd7 7. Nc3 c6 8. e4 e5 9. h3 Qc7 10. Be3 Re8 11. Qc2 a5 12. Rad1 exd4 13. Nxd4 Nc5 14.
b3 Nfd7 15. f4 Nf8 16. Bf2 Bd7 17. Qd2 Rad8 18. Rfe1 Bc8 19. Kh2 Nfd7 20. Nc2 Bf8 21. Qe3 Nf6 22. Qf3 Ne6 23. Nd4 Nxd4 24. Bxd4 Bg7 25.
g4 h5 26. g5 Nd7 27. Bxg7 Kxg7 28. Qd3 Nc5 29. Qd4+ Kg8 30. e5 Qb8 31. exd6 Rxe1 32. Rxe1 Ne6 33. Rxe6 Bxe6 34. Ne4 f5 35. Nf6+ Kf7 36.
c5 Qc8 37. Bf3 Rh8 38. Qe5 Qd8 39. Be2 Qc8 40. Bc4 b5 41. d7 bxc4 42. dxc8=Q Rxc8 43. Qd6 cxb3 44. axb3 Bxb3 45. Qd7+ 1-0

[Event "*** Titled Tuesday Blitz"]
[Site "Chess.com"]
[Date "2019.10.01"]
[Round "5"]
[White "Misha_Bilous"]
[Black "novocane"]
[Result "1-0"]
[WhiteElo "2520"]
[BlackElo "2299"]
[TimeControl "180+2"]
[EndTime "14:12:41 PDT"]
[Termination "Misha_Bilous won by resignation"]

1. d4 Nf6 2. c4 e6 3. Nf3 b6 4.
g3 Ba6 5. Qa4 Be7 6. Bg2 Bb7 7.
Nc3 O-O 8. O-O d5 9. Ne5 c6 10.
Rd1 Qc8 11. Bf4 Nbd7 12. cxd5 cxd5 13. Rac1 Qd8 14. Nb5 a6 15. Nc3 b5 16. Qb3 Nxe5 17. dxe5 Nd7 18. e4 Nb6 19. exd5 Nxd5 20. Nxd5 Bxd5 21. Bxd5 exd5 22. Rxd5 Qb6 23. Rcd1 Rad8 24. Rd7 Rxd7 25. Rxd7 Bc5 26. Rd2 Re8 27. Qd5 h6 28. h4 a5 29. Kg2 a4 30. Rc2 Be7 31.
Rc6 Qd8 32. Qxb5 a3 33. bxa3 Qa8 34. Qd5 Qxa3 35. e6 fxe6 36. Rxe6 Kf8 37. Qe4 Qa8 38.
Rc6 Qxa2 39. Qf3 Qf7 40. Ra6 Bf6 41. Rc6 Re6 42. Rc7 Re7 43. Qa8+ Re8 44. Rxf7+ 1-0

[Event "*** Titled Tuesday Blitz"]
[Site "Chess.com"]
[Date "2019.10.01"]
[Round "5"]
[White "vlad10898"]
[Black "BlueWizzard"]
[Result "0-1"]
[WhiteElo "2637"]
[BlackElo "2835"]
[TimeControl "180+2"]
[EndTime "14:12:43 PDT"]
[Termination "BlueWizzard won by resignation"]

1. e4 c5 2. Nf3 g6 3. d4 Bg7 4. c4 Qb6 5. dxc5 Qxc5 6. Be2 d6 7. O-O Bg4 8. Be3 Qc8 9. Nc3 Nf6 10. Rc1 O-O 11.
Nd5 Qd8 12. h3 Bxf3 13. Bxf3 Nxd5 14. exd5 Bxb2 15. Rb1 Bf6 16. Rxb7 Qa5 17. Qb3 Na6 18. Rxa7 Rxa7 19. Bxa7 Nc5 20. Bxc5 Qxc5 21. a4 Bd4 22. Qb5 Qa3 23. a5 Ra8 24. Qd7 Ra7 25. Qc8+ Kg7 26. h4 Rxa5 27. h5 Ra8 28. Qd7 Bf6 29. Qh3 Rb8 30.
h6+ Kg8 31. Qg4 Qc3 32. Qf4 Bd4 33. Qe4 Rb7 34. Qg4 Qxc4 35. Qg5 Bf6 36. Rc1 Bxg5 37. Rxc4 Rb1+ 38. Kh2 Bxh6 39. Kg3 Kg7 40. Re4 Kf6 41. Bg4 Rb3+ 42. f3 Bg5 43. Bd7 Bd2 44. Rc4 Rd3 45. Bc6 Ke5 46. Re4+ Kf6 47. Ra4 h5 48. Ra8 Rd4 49.
Rf8 Be1+ 50. Kh2 Bf2 51. g3 Rd2 52. Kh3 Kg7 53. Re8 Re2 54. Bd7 Re5 55. f4 Re3 0-1

[Event "*** Titled Tuesday Blitz"]
[Site "Chess.com"]
[Date "2019.10.01"]
[Round "5"]
[White "Konavets"]
[Black "Jumbo"]
[Result "0-1"]
[WhiteElo "2943"]
[BlackElo "2805"]
[TimeControl "180+2"]
[EndTime "14:12:44 PDT"]
[Termination "Jumbo won by resignation"]

1. c4 Nf6 2. Nc3 e5 3. g3 c6 4. Nf3 e4 5. Nd4 Qb6 6. Nc2 Bc5 7. e3 Be7 8. Bg2 d5 9. cxd5 cxd5 10. d3 O-O 11. O-O Bg4 12. Nxd5 Bxd1 13. Nxb6 Bxc2 14. Nxa8 Bxd3 15. Nc7 Rc8 16. Rd1 Rxc7 17. Bd2 Kf8 18. Rac1 Nc6 19. Bc3 Ke8 20. Bf1 Bxf1 21. Kxf1 Rd7 22. Rxd7 Kxd7 23. Ke2 Ke6 24. Rd1 g6 25. a3 Nd5 26. Bd2 Ne5 27. Rc1 Nc6 28. b4 a6 29.
Rc4 f5 30. g4 h5 31. gxf5+ gxf5 32. h3 Bd6 33. Rc1 Be7 34. Rg1 Kf7 35. Rc1 Nb6 36. Bc3 Nd5 37. Bb2 Bf6 38. Bxf6 Kxf6 39. Rc5 Ke6 40.
b5 axb5 41. Rxb5 b6 42. Rb2 Ne5 43. Rc2 Kd7 44. Rc1 Nf3 45. Kd1 Ng5 46. Ke2 h4 47.
Rg1 Nxh3 48. Rh1 Ng5 49. Rxh4 Nf3 50. Rh6 Ke7 51. Kd1 Nf6 52. Rh8 Ne5 53. Ke2 Nc4 54. Ra8 Nd7 55. a4 Na5 56. f3 Nc5 57. fxe4 fxe4 58.
Kf2 Nxa4 59. Kg3 Nc5 60. Kf4 Nc6 61. Ra1 Kd6 62. Rd1+ Kc7 63. Rb1 Na5 64. Ke5 Kc6 65. Rh1 Nab3 66. Rh6+ Kb5 67. Kd5 Nd2 68. Rh1 Ncb3 69.
Rh6 Ka5 70. Rh5 Kb4 71. Kc6 Nc4 72. Rb5+ Kc3 73. Kd5 Nbd2 74. Ke6 Kd3 75. Kf5 Kxe3 76. Rb4 Kd3 77. Rb5 e3 78. Rd5+ Kc3 79. Rd8 e2 80.
Re8 Nf3 0-1

[Event "*** Titled Tuesday Blitz"]
[Site "Chess.com"]
[Date "2019.10.01"]
[Round "5"]
[White "mortngabriel"]
[Black "Andrei_Belozerov"]
[Result "1-0"]
[WhiteElo "2350"]
[BlackElo "2515"]
[TimeControl "180+2"]
[EndTime "14:12:48 PDT"]
[Termination "mortngabriel won by resignation"]

1. e4 c6 2. d4 d5 3. e5 Bf5 4. h4 h5 5. Bd3 Bxd3 6. Qxd3 e6 7. Nf3 Qa5+ 8. Nc3 c5 9. Bd2 c4 10. Qe3 Nc6 11. O-O Nh6 12. Ne2 Qc7 13. Ng3 Ng4 14. Qf4 O-O-O 15. b3 f6 16. bxc4 dxc4 17. exf6 Qxf4 18.
Bxf4 gxf6 19. c3 Ne7 20. Rfe1 Nd5 21. Bd2 Kd7 22. Rab1 b6 23. a4 Bd6 24. Ne4 Rhg8 25. a5 Rg6 26. axb6 axb6 27. Ra1 Rdg8 28. g3 Nxf2 29.
Kxf2 Bxg3+ 30. Nxg3 Rxg3 31. Rg1 Rxg1 32. Rxg1 Rxg1 33.
Nxg1 Ke7 34. Ne2 Kf7 35. Nf4 Nxf4 36. Bxf4 Kg6 37. Kf3 Kf5 38. Bc7 b5 39. Bd6 Kg6 40. Kf4 Kf7 41. Ke4 Ke8 42. d5 Kd7 43. Bb4 exd5+ 44.
Kxd5 Ke8 45. Ke6 1-0

[Event "*** Titled Tuesday Blitz"]
[Site "Chess.com"]
[Date "2019.10.01"]
[Round "5"]
[White "Orange_Ghost"]
[Black "grzechu96"]
[Result "1-0"]
[WhiteElo "2774"]
[BlackElo "2607"]
[TimeControl "180+2"]
[EndTime "14:12:49 PDT"]
[Termination "Orange_Ghost won by checkmate"]

1. d4 Nf6 2. c4 g6 3. Nc3 d5 4.
cxd5 Nxd5 5. e4 Nxc3 6. bxc3 Bg7 7. Qa4+ Nd7 8. Nf3 O-O 9. Be2 c5 10. O-O cxd4 11. cxd4 Nb6 12. Qa3 Bg4 13. Bg5 Bxf3 14. Bxf3 Qxd4 15. Qxe7 Rab8 16. Rad1 Qa4 17. Bf4 Rfe8 18.
Qg5 Rbc8 19. e5 h6 20. Qg4 Rc4 21. g3 g5 22. Be2 gxf4 23. Bxc4 Qxc4 24. gxf4 Rxe5 25.
Kh1 Rg5 26. Qf3 Rd5 27. Rde1 Qc6 28. Rg1 Rd4 29. Qxc6 bxc6 30. Re8+ Kh7 31. Re7 Rd7 32. Re8 c5 33. Rc1 c4 34. a4 c3 35. a5 Nc4 36. a6 Rd6 37. Re7 Rxa6 38. Rxf7 Kh8 39. Rg1 Bd4 40. Rf8+ Kh7 41. Rf7+ Kh8 42. Rc7 Nd6 43. Rg6 Ra1+ 44. Kg2 Nf5 45. Re6 Ra2 46. Re8# 1-0

[Event "*** Titled Tuesday Blitz"]
[Site "Chess.com"]
[Date "2019.10.01"]
[Round "5"]
[White "Tjktiger"]
[Black "eldur16"]
[Result "1-0"]
[WhiteElo "2811"]
[BlackElo "2628"]
[TimeControl "180+2"]
[EndTime "14:12:50 PDT"]
[Termination "Tjktiger won by resignation"]

1. c4 Nf6 2. Nc3 g6 3. g3 Bg7 4. Bg2 O-O 5. d4 d6 6. Nf3 Nbd7 7. O-O e5 8. e4 exd4 9. Nxd4 Re8 10. h3 a6 11. Be3 Rb8 12. b3 c5 13. Nde2 b5 14. Qxd6 b4 15. Na4 Nxe4 16. Bxe4 Bxa1 17. Rxa1 Rxe4 18.
Nxc5 Re8 19. Rd1 Qe7 20. Nxd7 Bxd7 21. Nf4 Bf5 22. Qxe7 Rxe7 23. Nd5 Re6 24. g4 Be4 25.
Bf4 Rc8 26. Nxb4 Rce8 27. Kh2 a5 28. Nd5 Bf3 29. Rd3 Bxd5 30. cxd5 Re2 31. Kg3 Rd8 32. a4 Rd7 33. Be3 f6 34. Bb6 Re5 35. d6 Kf7 36.
f4 Re6 37. Bc7 f5 38. g5 Ke8 39. Kf3 Kf7 40. h4 Re1 41. Bxa5 Ke6 42. Bxe1 1-0

[Event "*** Titled Tuesday Blitz"]
[Site "Chess.com"]
[Date "2019.10.01"]
[Round "5"]
[White "maciek_92"]
[Black "LornerAcosta"]
[Result "0-1"]
[WhiteElo "2836"]
[BlackElo "2490"]
[TimeControl "180+2"]
[EndTime "14:12:50 PDT"]
[Termination "LornerAcosta won by resignation"]

1. c4 Nf6 2. Nc3 e6 3. g3 d5 4. cxd5 exd5 5. d4 c6 6. Bg2 Be7 7. Nh3 O-O 8. O-O Re8 9. Nf4 a5 10. Nd3 Nbd7 11. Bf4 Nb6 12. b3 Bb4 13. Rc1 Ba3 14. Rc2 Bf5 15. f3 h6 16. Re1 Bh7 17. Rd2 Nbd7 18. g4 Qb6 19. Nf2 Bb4 20. Qc1 Rac8 21.
a3 Bf8 22. Qb2 c5 23. Na4 Qa7 24. e4 dxe4 25. fxe4 cxd4 26. Qxd4 Qxd4 27. Rxd4 Ne5 28. h3 Bxa3 29. Red1 Nc6 30. R4d2 Bb4 31. Re2 Ne5 32. Nb6 Rc3 33. Nd5 Rxb3 34. Nxf6+ gxf6 35. Bxh6 a4 36. Ra2 b5 37. Bf1 Bc5 38. Kg2 Bxf2 39.
Kxf2 Bxe4 40. Rd6 Re6 41. Rd8+ Kh7 42. g5 fxg5 43. Bxg5 f6 44. Be3 Bb1 45. Rad2 a3 46.
Bd4 a2 47. Ba1 Nc4 48. R2d7+ Kg6 49. Rg8+ Kf5 50. h4 Ne5 51. h5 Nxd7 52. h6 Re7 53. Be2 Ne5 54. Bd1 Rh3 55. Bxe5 fxe5 56. Bg4+ Kf4 57.
Bxh3 a1=Q 58. Rg4+ Kf5 59. Ra4+ Kg5 60. Rxa1 Bd3 61. Rg1+ Kxh6 62. Rh1 Kg5 63. Ke3 Bg6 64. Rg1+ Kf6 65. Rf1+ Kg7 66. Rg1 Rc7 67. Bf5 Rc6 68. Be4 Rd6 69. Rg5 Kf7 70. Bf3 Kf6 71. Rg1 b4 72.
Rf1 Ke7 73. Bd1 b3 74. Bf3 b2 75. Be4 Bxe4 76. Kxe4 Ke6 77. Rh1 Rd4+ 78. Ke3 Rb4 79. Rb1 e4 80. Kd2 Ke5 81. Kc3 Rb8 82. Kd2 Kd4 83. Ke2 e3 84. Kd1 Kc3 0-1

[Event "*** Titled Tuesday Blitz"]
[Site "Chess.com"]
[Date "2019.10.01"]
[Round "5"]
[White "WPWPWP-2015"]
[Black "hansen"]
[Result "1-0"]
[WhiteElo "2488"]
[BlackElo "2756"]
[TimeControl "180+2"]
[EndTime "14:12:51 PDT"]
[Termination "WPWPWP-2015 won by resignation"]

1. e4 c5 2. Nf3 e6 3. b3 d6 4. Bb2 Nf6 5. Qe2 Be7 6. d4 cxd4 7. Nxd4 Nc6 8. Nd2 O-O 9. O-O-O a5 10. Nc4 a4 11. Nxc6 bxc6 12. e5 Nd5 13. Nxd6 axb3 14.
axb3 Ra2 15. c4 Bg5+ 16. Kc2 Ba6 17. h4 Bh6 18. Qe1 Qb6 19. cxd5 Rb8 20. Rh3 cxd5 21. Bxa6 Qxa6 22. Rc3 Ra8 23. Rb1 g6 24. Qd1 Qb6 25. Qe2 Bg7 26. f4 Qb4 27. g3 h5 28. Qd3 Bf8 29.
Rc6 Qa5 30. Qc3 Qa7 31. Qc5 Qd7 32. Rc7 Qd8 33. Qc6 R2a6 34. Qd7 Qxd7 35. Rxd7 Rc6+ 36. Kd3 Rb8 37. Bd4 f5 38. Bc3 Rc5 39. b4 Rc6 40. b5 Rc5 41. Bd4 Bxd6 42. Rxd6 Rcxb5 43. Rxb5 Rxb5 44. Rxe6 Rb3+ 45. Bc3 Kf7 46. Rf6+ Kg7 47.
Rd6 Kf7 48. Rxd5 Rb1 49. Rd7+ Kf8 50. Rd6 Kf7 51. Rf6+ Kg7 52. e6 Rd1+ 53. Ke2 Rg1 54.
Rf7+ 1-0

[Event "*** Titled Tuesday Blitz"]
[Site "Chess.com"]
[Date "2019.10.01"]
[Round "5"]
[White "comsac"]
[Black "parmupill123"]
[Result "0-1"]
[WhiteElo "2276"]
[BlackElo "2512"]
[TimeControl "180+2"]
[EndTime "14:12:51 PDT"]
[Termination "parmupill123 won by resignation"]

1. e4 e6 2. d4 d5 3. exd5 exd5 4. Nf3 Bd6 5. Bd3 Ne7 6. c3 Nbc6 7. Nbd2 Bf5 8. Qc2 Qd7 9. O-O Bxd3 10. Qxd3 O-O-O 11. a4 f6 12. b4 g5 13. a5 h5 14. b5 Nb8 15.
Ba3 h4 16. b6 cxb6 17. axb6 a6 18. c4 Bxa3 19. Rxa3 g4 20. Ne1 dxc4 21. Qxc4+ Nbc6 22. Nc2 Qd5 23. Rxa6 bxa6 24. Qxa6+ Kd7 25. Re1 Ke8 26. Ne4 Kf7 27. Nc5 Nxd4 28. Nxd4 Qxc5 29. Ne6 Qb4 30.
Nxd8+ Rxd8 31. Qa2+ Kf8 32. Rb1 Qxb6 33. h3 Qd4 34.
hxg4 Qxg4 35. Qa5 Rd1+ 36. Rxd1 Qxd1+ 37. Kh2 Qg4 38. Qa8+ Kf7 39. Qa2+ Kg7 40. Qa7 Qe4 41. Kh1 Kg6 42. Kh2 Nf5 43. Qa3 Qf4+ 44. Kg1 Nd4 45. Qa2 Nf5 46. Qg8+ Ng7 47. Qa2 Qg4 48. Qc2+ f5 49.
Qc6+ Kg5 50. Qc1+ Kh5 51. Qc2 h3 52. g3 Qf3 53. Kf1 h2 0-1

[Event "*** Titled Tuesday Blitz"]
[Site "Chess.com"]
[Date "2019.10.01"]
[Round "5"]
[White "Sanan_Sjugirov"]
[Black "Keranke"]
[Result "0-1"]
[WhiteElo "2947"]
[BlackElo "2817"]
[TimeControl "180+2"]
[EndTime "14:12:52 PDT"]
[Termination "Keranke won by resignation"]

1. e4 g6 2. d4 Bg7 3. Nc3 d6 4. Be3 a6 5. h4 h6 6. Qd2 b5 7.
f3 Nd7 8. Nh3 Bb7 9. a3 c5 10.
Be2 Rc8 11. dxc5 Nxc5 12. Nf4 Nf6 13. g4 Nfxe4 14. fxe4 Nxe4 15. Nxe4 Bxe4 16. O-O Rxc2 17. Qb4 d5 18. Bd4 e5 19. Bd3 Bxd3 20. Nxd3 Qxh4 21.
Bf2 Qh3 22. Qd6 Qxd3 23. Rad1 Qc4 24. Rxd5 Qc7 25. Qb4 Rc4 26. Rc5 Qxc5 27. Bxc5 Rxb4 28. axb4 Bf8 29. Ra1 Kd7 30. Rxa6 Bg7 31. Ra7+ Ke6 32. Re7+ Kf6 33. Rb7 h5 34. g5+ Kxg5 35. Rxf7 Bf6 36. Rb7 Rd8 37. Rxb5 Rd1+ 38. Kg2 Rd2+ 39.
Kf3 Rxb2 40. Rb7 Kf5 41. Ke3 h4 42. b5 g5 43. b6 g4 44. Rf7 Kg6 45. Rf8 h3 46.
Rg8+ Kf7 47. Rxg4 h2 0-1

[Event "*** Titled Tuesday Blitz"]
[Site "Chess.com"]
[Date "2019.10.01"]
[Round "5"]
[White "Samantha_Ross"]
[Black "Me_ch_an"]
[Result "0-1"]
[WhiteElo "2060"]
[BlackElo "2360"]
[TimeControl "180+2"]
[EndTime "14:12:56 PDT"]
[Termination "Me_ch_an won by checkmate"]

1. c4 e5 2. Nf3 Nc6 3. d4 exd4 4. Nxd4 Nxd4 5. Qxd4 Nf6 6. g3 d5 7. Bg2 c5 8. Qe5+ Be6 9. cxd5 Nxd5 10. O-O Qb8 11. Qh5 g6 12. Qh4 Bg7 13. Qa4+ b5 14. Qh4 O-O 15. Nc3 Nxc3 16. bxc3 Bxc3 17. Rb1 Bxa2 18.
Bf4 Qb6 19. Rbc1 Bf6 20. Bg5 Bxg5 21. Qxg5 Rac8 22. h4 h5 23. g4 c4 24. gxh5 Rc5 25.
Qe3 Rxh5 26. Qa3 Bb3 27. Ra1 Rxh4 28. Qxa7 Qxa7 29. Rxa7 c3 30. Rb7 b4 31. Rb1 c2 32.
Rc1 Rd8 33. Bf1 Rd1 34. Rb8+ Kg7 35. Rxc2 Bxc2 36. f3 b3 37. Kf2 Rb1 38. Bg2 b2 39. Kg3 Rd4 40. f4 Be4 41. Bh3 Rd2 42. Kf2 Rh1 43.
Bg2 Bxg2 44. Rxb2 Rxb2 45. Kxg2 Re1 46. Kg3 Rexe2 47. f5 gxf5 48. Kh4 Kf6 49. Kg3 Rb3+ 50. Kf4 Re4# 0-1

[Event "*** Titled Tuesday Blitz"]
[Site "Chess.com"]
[Date "2019.10.01"]
[Round "5"]
[White "Vlad_Lukiianchuk"]
[Black "djano"]
[Result "1-0"]
[WhiteElo "2560"]
[BlackElo "2379"]
[TimeControl "180+2"]
[EndTime "14:12:59 PDT"]
[Termination "Vlad_Lukiianchuk won by resignation"]

1. c4 Nf6 2. Nc3 d5 3. g3 d4 4. Na4 e5 5. d3 Be7 6. Bg2 O-O 7.
Bd2 c5 8. a3 Nc6 9. Rb1 Bf5 10.
Qc2 a5 11. Nh3 Qd7 12. Nb6 Qd8 13. Nxa8 Qxa8 14. f3 Qc8 15. Nf2 Ne8 16. h4 h6 17.
Bh3 Nd6 18. Bxf5 Nxf5 19. Ne4 Ne3 20. Bxe3 dxe3 21. Nc3 f5 22. Nd5 Bd8 23. Kf1 f4 24. g4 Nd4 25. Qd1 b5 26. Nc3 b4 27. axb4 axb4 28. Ne4 b3 29. Ra1 Be7 30. Kg2 h5 31. g5 Nc2 32. Ra7 Qe6 33. Ra5 Rc8 34. Rb5 Nd4 35.
Rxb3 Nxb3 36. Qxb3 Qa6 37. Nc3 Qa8 38. Nd5 Bd8 39. Qc3 Rb8 40. Qxe5 Ba5 41. Ra1 Re8 42. Rxa5 Qd8 43. Qc3 Re6 44. Ra7 Rg6 45. Nxf4 Qb8 46. Nxg6 Qxa7 47. Qe5 Qf7 48. Nf4 Qb7 49. Qd5+ 1-0

[Event "*** Titled Tuesday Blitz"]
[Site "Chess.com"]
[Date "2019.10.01"]
[Round "5"]
[White "Ginzburg_Yakov"]
[Black "kasparicy"]
[Result "1-0"]
[WhiteElo "2576"]
[BlackElo "2411"]
[TimeControl "180+2"]
[EndTime "14:13:01 PDT"]
[Termination "Ginzburg_Yakov won by resignation"]

1. e4 c5 2. Nf3 d6 3. c3 Nf6 4.
Be2 e6 5. O-O Be7 6. Qc2 Qc7 7.
d4 cxd4 8. Nxd4 O-O 9. Be3 a6 10. Nd2 b5 11. a4 bxa4 12. Qxa4 Bb7 13. f3 Nbd7 14. Qc4 Qxc4 15. Nxc4 d5 16. Na5 Rfb8 17. b4 dxe4 18. Ndc6 Bxc6 19. Nxc6 Re8 20. Rxa6 Rac8 21. Bb5 exf3 22. gxf3 Nd5 23. Ra7 Nxe3 24. Rxd7 Bf6 25. Rc1 Nd5 26. c4 Nb6 27. Rb7 Bg5 28. Rc2 Kf8 29.
Kf2 Na8 30. Ra2 Nc7 31. Raa7 Bf4 32. Ba4 Ra8 33. b5 Bd6 34. Ke2 Bc5 35. b6 Bxb6 36. Rxb6 Rxa7 37. Nxa7 Ra8 38. Rb7 Na6 39. Bb5 Nc5 40.
Rc7 Nb3 41. Ke3 e5 42. Rc8+ Rxc8 43. Nxc8 f5 44. Nd6 g6 45. Nb7 Ke7 46. c5 Nd4 47. Ba4 Ne6 48. c6 Nc7 49. Bb3 h5 50. h4 Kf6 51.
Nc5 Ke7 52. Nd3 Kd6 53. f4 e4 54. Ne5 Na6 55. Nxg6 Kxc6 56. Ne7+ Kd6 57. Nxf5+ Kd7 58.
Ng3 Nc5 59. Bc2 Ke7 60. Nxh5 Ke6 61. Ng3 1-0

[Event "*** Titled Tuesday Blitz"]
[Site "Chess.com"]
[Date "2019.10.01"]
[Round "5"]
[White "Alex_32167"]
[Black "FranciscodelaF"]
[Result "1-0"]
[WhiteElo "2657"]
[BlackElo "2449"]
[TimeControl "180+2"]
[EndTime "14:13:02 PDT"]
[Termination "Alex_32167 won by resignation"]

1. e4 e6 2. d4 d5 3. Nc3 Nf6 4. Bd3 dxe4 5. Nxe4 Nbd7 6. Qe2 Nxe4 7. Bxe4 Nf6 8.
Bxb7 Bxb7 9. Qb5+ Nd7 10. Qxb7 Bd6 11. Nf3 O-O 12. O-O e5 13. Bg5 Qe8 14. Rfe1 f6 15. Bh4 Qh5 16. Qd5+ Kh8 17. Bg3 Nb6 18. Qb5 a6 19. Qb3 Rae8 20. dxe5 fxe5 21. Re4 Nd7 22.
Rae1 Nc5 23. Qd5 Nxe4 24. Qxe4 Qf5 25. Nd2 Qxe4 26. Nxe4 Rb8 27. b3 Kg8 28. c4 Bb4 29. Re2 Rbd8 30. h4 Rfe8 31. Ng5 h6 32. Ne4 Kf7 33. f3 Rd1+ 34. Kh2 Ke6 35. Nf2 Rd2 36. Rxe5+ Kf7 37. Rf5+ Kg6 38. Rf4 Bd6 39. Rg4+ Kf7 40.
Bxd6 cxd6 41. Ne4 Rd3 42. Rf4+ Kg8 43. Rf5 Re5 44. Nxd6 Rxf5 45. Nxf5 Rd2 46. a4 Re2 47. b4 Ra2 48. a5 Ra4 49. Ne7+ Kf7 50. Nc6 Ke6 51. b5 Kd6 52. Nd4 Rxc4 53. bxa6 Rc5 54. Nb3 Rc6 55. a7 Ra6 56. Nd4 Kc5 57. Ne6+ Kb5 58. Nc7+ 1-0